 Dungeon Crawl Stone Soup version 0.25.1-2-g60ff931df9 (webtiles) character file.

Game seed: 17570643004054518406

25701 Ostronsa the Slicer (level 12, -14/84 HPs)
             Began as a White Draconian Transmuter on Sept 9, 2020.
             Was a High Priest of Hepliaklqana.
             Demolished by Rupert
             ... wielding a +3 battleaxe of venom
              (40 damage)
             ... on level 3 of the Lair of Beasts.
             The game lasted 02:20:43 (15844 turns).

Ostronsa the Slicer (White Draconian Transmuter)   Turns: 15844, Time: 02:20:44

Health: -14/84     AC: 12    Str: 23    XL:     12   Next: 91%
Magic:  23/26      EV: 12    Int: 15    God:    Hepliaklqana [*****.]
Gold:   770        SH:  0    Dex: 19    Spells: 17/32 levels left

rFire    . . .     SeeInvis .     - Unarmed
rCold    + . .     Gourm    .   (shield currently unavailable)
rNeg     . . .     Faith    .   (armour unavailable)
rPois    .         Spirit   .   (helmet restricted)
rElec    .         Reflect  .   O - +2 cloak
rCorr    +         Harm     .   (gloves currently unavailable)
MR       .....                  n - +0 pair of boots
Stlth    ++........             z - amulet of Teitiy {+Inv Regen+ Str+10 Int-2}
HPRegen  0.64/turn              G - ring of resist corrosion
MPRegen  0.20/turn              e - +6 ring of dexterity

@: lethally poisoned (-14 -> -47), blade hands, hasted, very quick
A: breathe frost, unfitting armour, reduced essence, cold resistance 1,
cold-blooded, AC +8
a: Breathe Frost, End Transformation, Recall Ancestor, Ancestor Identity,
Transference, Idealise, Renounce Religion, Evoke Invisibility


You were on level 3 of the Lair of Beasts.
You worshipped Hepliaklqana.
Hepliaklqana was extremely pleased with you.
You were not hungry.
You had blades for hands.
You visited 3 branches of the dungeon, and saw 16 of its levels.
You visited the Abyss 1 time.
You also visited: Ossuary.

You collected 770 gold pieces.

Inventory:

Hand Weapons
 h - the +6 rapier "Efrolan" (melded) {vorpal, rPois}
   (You acquired it on level 8 of the Dungeon)

   It inflicts extra damage upon your enemies.
   It protects you from poison.
 p - a +1 short sword of venom
 C - the +0 trident of the Lurker {freeze, +Inv rElec Stlth-}
   (You found it on level 4 of the Dungeon)

   It has been specially enchanted to freeze those struck by it, causing extra
   injury to most foes and up to half again as much damage against particularly
   susceptible opponents.
   It can also slow down cold-blooded creatures.
   It insulates you from electricity.
   It lets you turn invisible.
   It makes you less stealthy.
Missiles
 a - 289 arrows
 g - 8 curare-tipped darts
 M - 20 poisoned darts (quivered)
Armour
 j - a +0 ring mail
 k - a +1 buckler
 n - a +0 pair of boots (worn)
 o - a +2 leather armour of magic resistance
 v - a +0 cloak
 B - a +2 kite shield
 O - a +2 cloak (worn)
 U - the +0 pair of gloves "Ahegich" {rElec rF- Regen+ Dex-4}
   (You found it on level 10 of the Dungeon)

   It affects your dexterity (-4).
   It makes you vulnerable to fire.
   It insulates you from electricity.
   It increases your rate of regeneration.
 V - the +3 buckler of Inquiry {+Fly Dex+2}
   (You found it on level 11 of the Dungeon)

   It affects your dexterity (+2).
   It lets you fly.
Magical Staves
 x - an uncursed staff of air {unknown}
Jewellery
 d - an uncursed ring of flight
 e - a +6 ring of dexterity (right scythe-like blade)
 y - an uncursed ring of fire {unknown}
 z - the amulet of Teitiy (around neck) {+Inv Regen+ Str+10 Int-2}
   (You found it on level 4 of the Dungeon)

   [amulet of regeneration]

   It affects your strength (+10).
   It affects your intelligence (-2).
   It lets you turn invisible.
   It increases your rate of regeneration.
 G - a ring of resist corrosion (left scythe-like blade)
 K - an uncursed ring of stealth
 P - an uncursed amulet of magic regeneration
 S - an uncursed ring of magical power {unknown}
 T - an uncursed ring of ice {unknown}
Wands
 l - a wand of polymorph (9)
 r - a wand of clouds (6)
 D - a wand of flame (33)
 I - a wand of paralysis (7)
 J - a wand of disintegration (7)
 Q - a wand of iceblast (8)
Scrolls
 f - 2 scrolls of enchant armour
 q - 4 scrolls of teleportation
 s - 8 scrolls of remove curse
 N - 2 scrolls of magic mapping
Potions
 b - 4 potions of haste
 i - 5 potions of flight
 m - a potion of might {unknown}
 t - 3 potions of stabbing {unknown}
 u - 3 potions of brilliance
 A - 2 potions of invisibility {unknown}
 E - 5 potions of curing
 F - 2 potions of ambrosia {unknown}
 L - a potion of lignification {unknown}
 R - 3 potions of mutation {unknown}
Comestibles
 c - 21 rations
 H - 5 chunks of flesh


   Skills:
 - Level 5.0 Fighting
 * Level 11.1 Short Blades
 - Level 1.7 Dodging
 + Level 6.8 Unarmed Combat
 + Level 10.7 Spellcasting
 + Level 10.3 Transmutations
 - Level 6.2 Ice Magic
 - Level 3.6 Poison Magic
 - Level 6.0 Invocations


You had 17 spell levels left.
You knew the following spells:

 Your Spells              Type           Power        Failure   Level  Hunger
a - Beastly Appendage     Tmut           #####.       8%          1    None
b - Sticks to Snakes      Tmut           #####...     9%          2    None
c - Spider Form           Tmut/Pois      ####......   19%         3    None
d - Ice Form              Ice/Tmut       ####....     26%         4    ###....
e - Blade Hands           Tmut           #####.....   28%         5    #####..

Your spell library contained the following spells:

 Spells                   Type           Power        Failure   Level  Hunger
 Sting                    Tmut/Pois      ####         12%         1    None
 Freeze                   Ice            ####         13%         1    None
 Passwall                 Tmut/Erth      ###.....     19%         2    None
 Frozen Ramparts          Ice            ####..       21%         3    None
 Ensorcelled Hibernation  Hex/Ice        ###...       28%         2    None
 Ignite Poison            Fire/Tmut/Pois ###.....     30%         3    None
 Poisonous Vapours        Pois/Air       ##....       36%         2    None
 Ozocubu's Armour         Chrm/Ice       ###.....     41%         3    None
 Corona                   Hex            #......      43%         1    None
 Sandblast                Erth           #.....       43%         1    None
 Shock                    Conj/Air       #...         43%         1    None
 Petrify                  Tmut/Erth      ###.....     47%         4    ###....
 Swiftness                Chrm/Air       #.......     54%         2    None
 Mephitic Cloud           Conj/Pois/Air  ##......     58%         3    None
 Olgreb's Toxic Radiance  Pois           ###.....     63%         4    ###....
 Confusing Touch          Hex            #.......     69%         3    None
 Dazzling Flash           Conj/Hex       #.....       69%         3    None
 Static Discharge         Conj/Air       #.......     69%         3    None
 Stone Arrow              Conj/Erth      #.....       69%         3    None
 Tukima's Dance           Hex            #.......     69%         3    None
 Hailstorm                Conj/Ice       ###.....     69%         4    ###....
 Summon Ice Beast         Ice/Summ       ###.....     69%         4    ###....
 Airstrike                Air            #.........   94%         4    ###....
 Lee's Rapid Deconstruct  Erth           #.........   99%         5    #####..
 Lightning Bolt           Conj/Air       #.........   99%         5    #####..


Dungeon Overview and Level Annotations

Branches:
Dungeon (12/15)            Temple (1/1) D:6            Lair (3/6) D:10
 Shoals (0/4) Lair:3          Orc (0/2) D:12        Ossuary (visited)
  Snake: Lair:2-4    Spider: Lair:2-4

Altars:
Ashenzari
Cheibriados
Dithmenos
Elyvilon
Fedhas
Gozag
Hepliaklqana
Kikubaaqudgha
Makhleb
Nemelex Xobeh
Okawaru
Qazlal
Ru
Sif Muna
Trog
Uskayaw
Vehumet
Wu Jian
Xom
Yredelemnul
Zin
The Shining One

Portals:
Trove: D:12 (give +2 gold dragon scales)

Annotations:
Lair:3 exclusion: oklob plant, Rupert


Innate Abilities, Weirdness & Mutations

You can breathe waves of freezing cold.
You can buffet flying creatures when you breathe cold.
Your icy white scales are hard. (AC +8)
You cannot fit into any form of body armour.
Your flesh is cold resistant. (rC+)
You are cold-blooded and may be slowed by cold attacks.
Your life essence is reduced to manifest your ancestor. (-10% HP)


Message History

You feel very sick.
Something hits Thulani!!
Thulani is destroyed!
* * * LOW HITPOINT WARNING * * *
You feel very sick.
Rupert hits you with a +3 battleaxe of venom!
* * * LOW HITPOINT WARNING * * *
You are more poisoned.
You feel yourself speed up.
* * * LOW HITPOINT WARNING * * *
You feel very sick. Rupert misses you.
* * * LOW HITPOINT WARNING * * *
You feel very sick.
Okay, then.
Okay, then.
You feel much better.
You feel very sick.
Rupert hits you with a +3 battleaxe of venom!!!
You die...

####.......# ##
##......# ####P###
##..##.# #......##
##....### #.......#
###......####...<..##
###...##.....#........#
#...#.###.....#......#
##...### #.....@#....##
##.....# ##....#@.#..##
......## #....#.#..###
.....## ##....###..#
.....# #..?.## ##.#
.....# ##..## ## .....#
#.## ....## ## #####
....# #P..## .#..# ###
##....#


You could see Rupert (berserk).

Vanquished Creatures
  2 hydras
  A catoblepas (Lair:3)
  A two-headed ogre (D:12)
  Sonja (D:12)
  Nergalle (D:12)
  An orc knight (D:12)
  A manticore (D:12)
  3 spiny frogs
  A rime drake (Lair:3)
  2 kobold demonologists (D:12)
  A komodo dragon (Lair:3)
  A merfolk (D:12)
  A troll (D:10)
  3 blink frogs (Lair:2)
  4 hippogriffs
  A shadow (D:11)
  A wraith (D:12)
  A vampire (D:12)
  2 wyverns
  18 yaks
  A hungry ghost (D:9)
  A vampire mosquito (D:12)
  7 water moccasins
  3 sky beasts
  3 orc warriors
  4 porcupines
  An eye of draining (D:12)
  2 ice beasts
  An ogre (D:8)
  3 centaurs (D:7)
  2 crocodiles (Lair:2)
  An elf zombie (Ossuary)
  Blork the orc (D:5)
  2 big kobolds
  11 bullfrogs
  3 scorpions (D:6)
  A water moccasin zombie (D:9)
  Dowan (D:5)
  6 killer bees
  2 howler monkeys
  2 electric eels (D:12)
  3 crimson imps
  A human zombie (Ossuary)
  3 centaur zombies
  2 jellies
  2 hounds
  A bullfrog skeleton (D:11)
  2 centaur skeletons
  An orc priest (D:5)
  5 orc wizards
  Ijyb (D:5)
  4 iguanas
  9 worker ants
  A killer bee zombie (D:6)
  2 big kobold zombies (Ossuary)
  A hound zombie (D:10)
  A hound skeleton (D:11)
  2 mummies (Ossuary)
  8 adders
  4 gnolls
  A shadow imp (D:12)
  2 oozes
  A worm (D:5)
  4 dart slugs
  5 leopard geckos
  22 orcs
  4 giant cockroaches
  5 goblins
  5 hobgoblins
  4 jackals
  15 kobolds
  2 quokkas
  A ball python (D:1)
  5 bats
  4 frilled lizards
  2 goblin zombies (Ossuary)
  6 hobgoblin zombies (Ossuary)
  5 kobold zombies (Ossuary)
  6 orc zombies (Ossuary)
  8 rats
  2 rat zombies (Ossuary)
  A butterfly (Lair:1)
  2 plants
270 creatures vanquished.

Vanquished Creatures (collateral kills)
  Erolcha (D:9)
  2 hydras (Lair:2)
  An unseen horror (D:12)
  A wolf spider zombie (D:12)
  An ugly thing (D:11)
  A cyclops (D:11)
  Joseph (D:8)
  A spiny frog (Lair:2)
  3 komodo dragons
  A blink frog (Lair:2)
  A yak (Lair:2)
  2 hungry ghosts
  A basilisk (D:11)
  A vampire mosquito (D:12)
  Duvessa (D:5)
  A porcupine (Lair:3)
  4 water moccasins
  Purgy (D:4)
  A sky beast (D:7)
  A phantom (D:11)
  2 ice beasts
  2 ogres
  A centaur (D:11)
  2 crocodiles (Lair:1)
  An elf zombie (Ossuary)
  2 bullfrogs
  A wyvern zombie (D:11)
  2 killer bees
  An electric eel (D:12)
  A howler monkey (D:5)
  A crimson imp (D:8)
  A bullfrog zombie (D:7)
  3 orc priests
  4 hounds
  2 bullfrog skeletons
  3 orc wizards
  A human zombie (Ossuary)
  An iguana (D:4)
  2 worker ants
  A big kobold zombie (Ossuary)
  A hound zombie (D:11)
  3 adders
  4 gnolls
  A worm (D:3)
  12 orcs
  A goblin (D:3)
  A hobgoblin (D:3)
  2 quokkas
  A frilled lizard (D:4)
  3 hobgoblin zombies (Ossuary)
  A kobold (D:12)
  4 kobold zombies (Ossuary)
  An orc zombie (Ossuary)
  A quokka skeleton (D:6)
  A fungus (Lair:1)
98 creatures vanquished.

Vanquished Creatures (others)
  An orc priest (D:12)
  5 knights
  A shadow imp (D:8)
  4 ancestors
11 creatures vanquished.

Grand Total: 379 creatures vanquished

Notes
Turn   | Place    | Note
-------+----------+-------------------------------------------
     0 | D:1      | Ostronsa the Draconian Transmuter began the quest for the
                  | Orb.
     0 | D:1      | Reached XP level 1. HP: 16/16 MP: 3/3
    93 | D:1      | Reached XP level 2. HP: 22/23 MP: 3/5
   536 | D:1      | Reached XP level 3. HP: 28/28 MP: 4/6
   812 | D:1      | Learned a level 2 spell: Sticks to Snakes
  1033 | D:2      | Noticed an ice beast
  1096 | D:2      | Killed an ice beast
  1096 | D:2      | Reached XP level 4. HP: 11/35 MP: 1/8
  1793 | D:2      | Found a sacrificial altar of Ru.
  1877 | D:2      | Found a hazy altar of Hepliaklqana.
  1886 | D:2      | Became a worshipper of Hepliaklqana the Forgotten
  2163 | D:3      | Reached XP level 5. HP: 31/36 MP: 7/9
  2867 | D:4      | Got a heavily runed sapphire amulet
  2884 | D:4      | Identified the amulet of Teitiy {+Inv Regen+ Str+10 Int-2}
                  | (You found it on level 4 of the Dungeon)
  2895 | D:4      | Noticed Purgy
  2913 | D:4      | Killed Purgy
  2913 | D:4      | Reached skill level 2 in Short Blades
  2940 | D:4      | Reached XP level 6. HP: 38/42 MP: 9/11
  3021 | D:4      | Reached skill level 3 in Short Blades
  3047 | D:4      | Reached * piety under Hepliaklqana
  3051 | D:4      | Got an ichor-stained trident
  3372 | D:4      | Found a sand-covered staircase.
  3379 | Ossuary  | Entered an ossuary
  3565 | Ossuary  | Your scales start taking on an icy white colour.
  3565 | Ossuary  | Reached XP level 7. HP: 24/46 MP: 2/13
  3565 | Ossuary  | Gained mutation: Your flesh is cold resistant. (rC+) [White
                  | Draconian growth]
  3724 | Ossuary  | Reached skill level 4 in Short Blades
  3793 | D:4      | Identified the cursed +0 trident of the Lurker {freeze,
                  | +Inv rElec Stlth-} (You found it on level 4 of the Dungeon)
  4114 | D:5      | Entered Level 5 of the Dungeon
  4119 | D:5      | Found an opulent altar of Gozag.
  4123 | D:5      | Found a shadowy altar of Dithmenos.
  4123 | D:5      | Found a sparkling altar of Nemelex Xobeh.
  4124 | D:5      | Found a blossoming altar of Fedhas.
  4124 | D:5      | Found a stormy altar of Qazlal.
  4124 | D:5      | Found a hide-covered altar of Uskayaw.
  4124 | D:5      | Found a snail-covered altar of Cheibriados.
  4128 | D:5      | Noticed Blork the orc
  4140 | D:5      | Killed Blork the orc
  4140 | D:5      | Reached skill level 5 in Transmutations
  4167 | D:5      | Reached XP level 8. HP: 31/53 MP: 9/15
  4172 | D:5      | Reached skill level 5 in Short Blades
  4172 | D:5      | Reached skill level 5 in Spellcasting
  4212 | D:5      | Reached ** piety under Hepliaklqana
  4213 | D:5      | Remembered your ancestor Thulani as a knight
  4458 | D:5      | Noticed Ijyb
  4459 | D:5      | Paralysed by Ijyb for 7 turns
  4473 | D:5      | Killed Ijyb
  4486 | D:5      | Found a basalt altar of Yredelemnul.
  4498 | D:5      | Noticed Duvessa
  4499 | D:5      | Noticed Dowan
  4511 | D:5      | Killed Dowan
  4516 | D:5      | Killed Duvessa
  4954 | D:5      | Found an iron altar of Okawaru.
  4978 | D:5      | Found an ancient bone altar of Kikubaaqudgha.
  5213 | D:6      | Reached skill level 6 in Short Blades
  5230 | D:6      | You fall into a shaft and drop 3 floors!
  5253 | D:9      | Reached XP level 9. HP: 50/57 MP: 5/18
  5353 | D:8      | Noticed Joseph
  5354 | D:8      | Paralysed by Joseph for 3 turns
  5362 | D:8      | Paralysed by Joseph for 7 turns
  5363 | D:8      | Killed Joseph
  5363 | D:8      | Reached skill level 7 in Short Blades
  5463 | D:7      | Got an ichor-stained ring mail
  5611 | D:6      | Learned a level 3 spell: Spider Form
  5630 | D:6      | Reached *** piety under Hepliaklqana
  5691 | D:6      | Found a staircase to the Ecumenical Temple.
  6288 | D:6      | Found a bloodstained altar of Trog.
  6359 | Temple   | Entered the Ecumenical Temple
  6955 | D:7      | Reached skill level 1 in Poison Magic
  7073 | D:7      | Reached skill level 5 in Unarmed Combat
  7435 | D:8      | Reached XP level 10. HP: 54/63 MP: 21/21
  7481 | D:8      | Identified a scroll of acquirement
  7481 | D:8      | Acquired the +6 rapier "Efrolan" {vorpal, rPois}
  8059 | D:9      | Reached **** piety under Hepliaklqana
  8486 | D:9      | Noticed Erolcha
  8498 | D:9      | Killed Erolcha
  8516 | D:9      | Learned a level 4 spell: Ice Form
  8641 | D:10     | Entered Level 10 of the Dungeon
  8667 | D:10     | Reached skill level 1 in Ice Magic
  8726 | D:10     | Found a staircase to the Lair.
  8935 | D:10     | Reached skill level 1 in Invocations
  9181 | D:10     | Got a pair of brightly glowing gloves
  9187 | D:10     | Identified the +0 pair of gloves "Ahegich" {rElec rF-
                  | Regen+ Dex-4} (You found it on level 10 of the Dungeon)
  9429 | D:11     | Noticed a red ugly thing
  9443 | D:11     | Killed a red ugly thing
  9602 | D:11     | Noticed a cyclops
  9623 | D:11     | Killed a cyclops
  9775 | D:11     | Reached ***** piety under Hepliaklqana
 10000 | D:11     | Reached XP level 11. HP: 73/73 MP: 21/23
 10017 | D:11     | Reached skill level 5 in Ice Magic
 10053 | D:11     | Got an encrusted buckler
 10059 | D:11     | Identified the +3 buckler of Inquiry {+Fly Dex+2} (You
                  | found it on level 11 of the Dungeon)
 10065 | D:11     | Learned a level 5 spell: Blade Hands
 10649 | D:12     | Noticed an orc knight
 10662 | D:12     | Noticed a two-headed ogre
 10903 | D:12     | Killed an orc knight
 10928 | D:12     | Killed a two-headed ogre
 11047 | D:12     | Found a staircase to the Orcish Mines.
 11196 | D:12     | Found a portal to a secret trove of treasure.
 11203 | D:12     | Noticed Nergalle
 11275 | D:12     | Noticed Sonja
 11303 | D:12     | Cast into level 2 of the Abyss (Sonja)
 11325 | D:12     | Escaped the Abyss
 11334 | D:12     | Killed Sonja
 11334 | D:12     | Reached skill level 5 in Fighting
 11550 | D:12     | Reached skill level 5 in Invocations
 11673 | D:12     | Killed Nergalle
 11673 | D:12     | Reached skill level 8 in Short Blades
 11906 | D:12     | Killed an unseen horror
 12951 | Lair:1   | Entered Level 1 of the Lair of Beasts
 13236 | Lair:1   | Reached XP level 12. HP: 84/84 MP: 21/25
 13350 | Lair:1   | Reached skill level 9 in Short Blades
 13866 | Lair:2   | Noticed a seven-headed hydra
 13874 | Lair:2   | Killed a seven-headed hydra
 13874 | Lair:2   | Reached skill level 10 in Spellcasting
 13958 | Lair:2   | Noticed a five-headed hydra
 13968 | Lair:2   | Killed a five-headed hydra
 14057 | Lair:2   | Reached skill level 10 in Short Blades
 14572 | Lair:2   | Reached skill level 10 in Transmutations
 14581 | Lair:2   | Noticed a four-headed hydra
 14591 | Lair:2   | Killed a four-headed hydra
 14960 | Lair:3   | Found a staircase to the Shoals.
 15664 | Lair:3   | Noticed a six-headed hydra
 15673 | Lair:3   | Killed a six-headed hydra
 15673 | Lair:3   | Reached skill level 11 in Short Blades
 15678 | Lair:3   | Noticed a catoblepas
 15692 | Lair:3   | Killed a catoblepas
 15829 | Lair:3   | Noticed Rupert
 15844 | Lair:3   | Demolished by Rupert

Illustrated notes

Levels and vault maps discovered:
D:1:      psy_arrival_heroes, layout_loops_ring
D:2:      layout_loops_ring, lemuel_coloured_pillars_altar,
          nicolae_ru_the_path_less_chosen, first_ration
D:3:      layout_basic
D:4:      layout_loops_cross, chequers_ossuary_entry_cave, kennysheep_dice,
          uniq_purgy
D:5:      layout_loops_ring, kennysheep_little_box, lemuel_round_altar,
          nicolae_overflow_hidden_temple, grunt_temple_overflow_open,
          uniq_duvessa, uniq_ijyb, uniq_blork_the_orc
D:6:      layout_basic, lemuel_doored_altar, minmay_temple_entry_mini_moons,
          grunt_ministairs_2
D:7:      layout_rooms
D:8:      minmay_spotlight, layout_loops_cross, uniq_joseph
D:9:      layout_stronghold, uniq_erolcha
D:10:     layout_gridville, dpeg_oklobed_lair
D:11:     layout_irregular_city
D:12:     layout_small_grid, erik_orc_2, enter_trove_1, hangedman_fish_farm,
          grunt_ministairs_8, uniq_nergalle, uniq_sonja
Temple:   compressed_dpeg_triangle_lava_temple
Lair:1:   layout_loops_ring, beast_lair_carwin_3, lemuel_fruit_fields,
          serial_bayou_shore_b, lemuel_fruit_tree, infiniplex_staircase_pool,
          serial_bayou_shore_a
Lair:2:   layout_regular_city
Lair:3:   layout_cave_pods, shoals_dummy_entry, chequers_serial_rivers_large_b,
          minmay_lair_oklob_chamber, serial_bayou_shore_b,
          infiniplex_staircase_pool_2, uniq_rupert

Skill      XL: |  1  2  3  4  5  6  7  8  9 10 11 12 |
---------------+-------------------------------------+-----
Transmutations | 3 4 5 6 8 9 10 | 10.3
Spellcasting   | 3 4 6 7 8 9 10 | 10.7
Unarmed Combat | 4 5 6 |  6.8
Short Blades   | 2 3 4 6 7 8 11 | 11.1
Poison Magic   | 1 3 |  3.6
Ice Magic      | 4 6 |  6.2
Invocations    | 3 5 6 |  6.0
Fighting       | 3 5 |  5.0
Dodging        | |  1.7

Action                   |  1- 3 |  4- 6 |  7- 9 | 10-12 || total
-------------------------+-------+-------+-------+-------++-------
Melee: Unarmed           |    49 |       |       |    53 ||   102
       Tailslap          |     7 |    28 |    42 |   104 ||   181
       Headbutt          |     3 |     2 |    38 |    92 ||   135
       Punch             |     1 |     4 |     9 |    10 ||    24
       Dagger            |    14 |       |       |       ||    14
       Kick              |     7 |    21 |    27 |     2 ||    57
       Short sword       |    18 |   130 |   298 |     2 ||   448
       Rapier            |       |       |       |   448 ||   448
Throw: Throwing net      |       |       |     2 |       ||     2
       Dart              |       |       |     3 |    32 ||    35
 Cast: Beastly Appendage |    12 |    24 |    28 |    45 ||   109
       Sticks to Snakes  |     4 |    18 |    17 |    38 ||    77
       Spider Form       |       |       |       |     8 ||     8
       Ice Form          |       |       |       |     1 ||     1
       Blade Hands       |       |       |       |     3 ||     3
Invok: Recall Ancestor   |       |       |     1 |     3 ||     4
       Ancestor Life: Kn |       |       |     1 |       ||     1
 Abil: End Transformatio |       |       |       |     1 ||     1
Evoke: Wand              |       |       |       |     3 ||     3
  Use: Scroll            |       |     8 |     5 |    16 ||    29
       Potion            |       |       |     4 |     4 ||     8
 Stab: Distracted        |       |       |     4 |     4 ||     8
       Sleeping          |       |       |     2 |     5 ||     7
  Eat: Chunk             |     1 |     8 |     7 |    14 ||    30
       Ration            |       |     1 |     1 |     6 ||     8
Armor: Skin              |    23 |    46 |    52 |   152 ||   273
Dodge: Dodged            |    47 |    73 |   135 |   214 ||   469
Block: Buckler           |       |       |       |    87 ||    87
